 Dungeon Crawl Stone Soup version 0.32-a0-120-gfac0567ad4 (webtiles) character file.

Game seed: 8055841206622132103

22 AlmostDecent the Charlatan (level 2, -1/29 HPs)
             Began as a Gnoll Wanderer on Feb 6, 2024.
             Succumbed to a goblin's poison
             ... on level 2 of the Dungeon.
             The game lasted 00:02:02 (660 turns).

AlmostDecent the Charlatan (Gnoll Wanderer)          Turns: 660, Time: 00:02:03

Health: -1/29      AC:  3    Str: 12    XL:     2   Next: 91%
Magic:  2/2        EV: 14    Int:  7    God:
Gold:   80         SH:  0    Dex: 14    Spells: 2/2 levels left

rFire   . . .        a - +1 falchion
rCold   . . .        (no shield)
rNeg    . . .        d - +0 leather armour
rPois   .            (no helmet)
rElec   .            (no cloak)
rCorr   .            (no gloves)
SInv    .            (no boots)
Will    .....        (no amulet)
Stlth   +            (no ring)
HPRegen 0.24/turn    (no ring)
MPRegen 0.08/turn

%: no passive effects
@: lethally poisoned (-1 -> -8)
A: fangs 1, strong nose, distributed training
a: no special abilities


You were on level 2 of the Dungeon.
You visited 1 branch of the dungeon, and saw 2 of its levels.

You collected 80 gold pieces.

Inventory:

Hand Weapons
 a - a +1 falchion (weapon)
Armour
 d - a +0 leather armour (worn)
Jewellery
 e - a ring of resist corrosion
Scrolls
 c - a scroll of silence
 h - a scroll of poison {unknown}
 i - a scroll of torment {unknown}
 j - a scroll of vulnerability {unknown}
 k - a scroll of blinking {unknown}
Potions
 f - a potion of magic {unknown}
 g - 2 potions of brilliance {unknown}
 l - a potion of curing {unknown}
Miscellaneous
 b - a phial of floods (quivered)


   Skills:
 + Level 6.5 Fighting
 + Level 0.5 Short Blades
 + Level 2.5 Long Blades
 + Level 0.5 Axes
 + Level 0.5 Maces & Flails
 + Level 0.5 Polearms
 + Level 0.5 Staves
 + Level 0.5 Ranged Weapons
 + Level 0.5 Throwing
 + Level 0.5 Armour
 + Level 6.5 Dodging
 + Level 0.5 Stealth
 + Level 0.5 Shields
 + Level 0.5 Unarmed Combat
 + Level 0.5 Spellcasting
 + Level 0.4 Conjurations
 + Level 0.4 Hexes
 + Level 0.4 Summonings
 + Level 0.4 Necromancy
 + Level 0.4 Translocations
 + Level 0.4 Fire Magic
 + Level 0.4 Ice Magic
 + Level 0.4 Air Magic
 + Level 0.4 Earth Magic
 + Level 0.4 Alchemy
 + Level 0.7 Invocations
 + Level 6.5 Evocations
 + Level 0.5 Shapeshifting


You had 2 spell levels left.
You didn't know any spells.
Your spell library was empty.

Dungeon Overview and Level Annotations

Branches:
Dungeon (2/15)

Altars:


Innate Abilities, Weirdness & Mutations

You have very sharp teeth.
Your uncanny sense of smell can sniff out nearby items.
Your experience applies equally to all skills.


Message History

You hit the ribbon worm. Your bite misses the ribbon worm.
The ribbon worm is moderately wounded.
The bat misses you. The goblin barely misses you. The ribbon worm bites you.
You hit the ribbon worm.
The ribbon worm is heavily wounded.
The bat hits you but does no damage. The goblin hits you but does no damage.
The ribbon worm closely misses you.
You hit the ribbon worm. You bite the ribbon worm.
The ribbon worm is severely wounded.
The bat barely misses you. The goblin hits you but does no damage.
You are poisoned.
The ribbon worm barely misses you.
You hit the ribbon worm.
You bite the ribbon worm, but do no damage.
The ribbon worm is almost dead.
You feel sick. The bat completely misses you. The goblin closely misses you.
The ribbon worm expels a string of sticky webbing.
The stream of webbing hits you but does no damage.
You are caught in a web!
You struggle to detach yourself from the web.
You feel sick. The goblin hits you but does no damage.
You are more poisoned.
You struggle to detach yourself from the web.
You feel very sick. The bat hits you but does no damage.
The goblin hits you with a +0 dagger of venom.
The ribbon worm bites you!
* * * LOW HITPOINT WARNING * * *
You struggle to detach yourself from the web.
* * * LOW HITPOINT WARNING * * *
You feel sick. The bat hits you but does no damage.
The goblin hits you but does no damage. The ribbon worm barely misses you.
The web tears apart.
* * * LOW HITPOINT WARNING * * *
You feel sick. The bat completely misses you. The goblin barely misses you.
The ribbon worm bites you.
* * * LOW HITPOINT WARNING * * *
You hit the ribbon worm.
You kill the ribbon worm!
You die...

## .. ##. #
.. .##
####.## ...
.b...# ..
#.g##.#
#.@<..#
#†###......
#. ##### #.
.: ##


You could see a goblin and a bat.

Vanquished Creatures
  A ribbon worm (D:2)
  2 bats (D:1)
  An endoplasm (D:1)
  A giant cockroach (D:1)
  2 goblins (D:1)
  4 hobgoblins (D:1)
  3 jackals (D:1)
  A kobold (D:1)
  5 rats (D:1)
20 creatures vanquished.

Notes
Turn   | Place    | Note
-------+----------+-------------------------------------------
     0 | D:1      | AlmostDecent the Gnoll Wanderer began the quest for the
                  | Orb.
     0 | D:1      | AlmostDecent set off with the following items: a +1
                  | falchion, a phial of floods, a scroll of silence, a +0
                  | leather armour.
     0 | D:1      | Reached XP level 1. HP: 23/23 MP: 1/1
    77 | D:1      | Reached XP level 2. HP: 19/29 MP: 2/2
   659 | D:2      | HP: 1/29 [ribbon worm (4)]
   660 | D:2      | Succumbed to a goblin's poison

Illustrated notes

Levels and vault maps discovered:
D:1:      psy_arrival_conway, layout_rooms, minmay_indecisive_spiral
D:2:      layout_loops_ring, hellmonk_ecumenical_altar_watching_god,
          minmay_misc_feat_tower, grunt_ministairs_2, kennysheep_path_1

Action                     || total
---------------------------++-------
  Melee: Falchion          ||    62
         Bite              ||     5
         Punch             ||     1
   Stab: Sleeping          ||     1
 Armour: Leather armour    ||    40
  Dodge: Dodged            ||    60

Table legend: (Time is in decaauts)
 A = Elapsed time spent in this place.
 B = Non-inter-level travel time spent in this place.
 C = Inter-level travel time spent in this place.
 D = Time resting spent in this place.
 E = Time spent auto-exploring this place.
 F = Levels seen in this place.
 G = Mean time per level.
                   A        B        C        D        E       F      G
               +--------+--------+--------+--------+--------+-----+--------+
         Total |    675 |    638 |     37 |      0 |    491 |   2 |  337.5 |
       Dungeon |    675 |    638 |     37 |      0 |    491 |   2 |  337.5 |
               +--------+--------+--------+--------+--------+-----+--------+

Top non-repeatable levels by time:
     D:1: 661 daAuts
     D:2: 13 daAuts
